 Dungeon Crawl Stone Soup version 0.29-a0-284-gf9362112df (webtiles) character file.

Game seed: 7718631501844348514

84 NotOkHand the Skirmisher (level 4, -4/40 HPs)
             Began as a Draconian Berserker on Mar 17, 2022.
             Was an Initiate of Makhleb.
             Slain by a polar bear (11 damage)
             ... created by the rage of Trog
             ... on level 4 of the Dungeon.
             The game lasted 00:14:13 (1685 turns).

NotOkHand the Skirmisher (Draconian Berserker)      Turns: 1685, Time: 00:14:13

Health: -4/40      AC: 12    Str: 21    XL:     4   Next: 23%
Magic:  0/4        EV: 13    Int:  8    God:    Makhleb [......]
Gold:   117        SH:  0    Dex: 16    Spells: 3/3 levels left

rFire   . . .      SeeInvis .   d - +2 dagger (speed)
rCold   . . .      Faith    .   (no shield)
rNeg    . . .      Spirit   +   (body armour unavailable)
rPois   .          Reflect  .   (helmet restricted)
rElec   .          Harm     .   (no cloak)
rCorr   .          Rampage  .   m - +2 pair of gloves
Will    .....                   (no boots)
Stlth   ++........              q - amulet of guardian spirit
HPRegen 0.13/turn               j - +6 ring of dexterity
MPRegen 0.09/turn               f - +4 ring of protection

@: no status effects
A: AC +5, unfitting armour, cold-blooded
a: Renounce Religion


You were on level 4 of the Dungeon.
You worshipped Makhleb.
Makhleb was noncommittal.
You visited 1 branch of the dungeon, and saw 4 of its levels.

You collected 117 gold pieces.

Inventory:

Hand Weapons
 a - a +0 spear
 d - a +2 dagger of speed (weapon)
 i - a +0 morningstar
Armour
 b - a +0 leather armour
 h - a +0 robe
 k - a +0 chain mail
 l - a +0 plate armour
 m - a +2 pair of gloves (worn)
Jewellery
 c - a ring of positive energy
 f - a +4 ring of protection (right hand)
 j - a +6 ring of dexterity (left hand)
 q - an amulet of guardian spirit (around neck)
 r - a ring of protection from fire
Scrolls
 o - a scroll of holy word
Potions
 e - 2 potions of might
 g - a potion of lignification {unknown}
 n - a potion of curing
 p - 2 potions of haste {unknown}


   Skills:
 + Level 4.2 Fighting
 + Level 0.4 Short Blades
 + Level 3.7 Polearms
 + Level 3.3 Dodging
 + Level 0.2 Stealth


You had 3 spell levels left.
You didn't know any spells.
Your spell library was empty.

Dungeon Overview and Level Annotations

Branches:
Dungeon (4/15)
 Temple: D:4-7

Altars:
Makhleb

Shops:
D:2 [


Innate Abilities, Weirdness & Mutations

Your plain brown scales are hard. (AC +5)
You cannot fit into any form of body armour.
You are cold-blooded and may be slowed by cold attacks.


Message History

You hit the endoplasm.
The endoplasm is severely wounded.
The endoplasm freezes you.
You are frozen.
You feel as though you will be slow longer.
You hit the endoplasm but do no damage.
The endoplasm is severely wounded.
The endoplasm hits you but does no damage.
You hit the endoplasm but do no damage.
The endoplasm is severely wounded.
The endoplasm freezes you.
You are frozen.
You hit the endoplasm.
You kill the endoplasm!
Makhleb accepts your kill.
You feel yourself speed up. Trog sends monsters to punish you.
A polar bear and 4 black bears come into view.
The black bear barely misses you.
The black bear claws you but does no damage.
The black bear barely misses you. The black bear closely misses you.
The black bear claws you but does no damage. x2
The black bear closely misses you. The black bear barely misses you.
The black bear claws you but does no damage.
The black bear barely misses you. The black bear closely misses you. x2
The black bear barely misses you. The black bear closely misses you.
The black bear barely misses you. The polar bear barely misses you.
The polar bear claws you. x2; The black bear bites you.
The black bear claws you but does no damage.
The black bear barely misses you. The polar bear bites you!!
* * * LOW HITPOINT WARNING * * *
The polar bear closely misses you. The polar bear claws you.
* * * LOW HITPOINT WARNING * * *
The black bear barely misses you. The black bear misses you.
The black bear closely misses you. The black bear misses you.
The black bear claws you but does no damage.
The black bear closely misses you.
Unknown command.
The polar bear bites you!
You die...

# #... #..#
..##...##..#
#...##.....#
#...##...##
##........#
###......#
##...h.##
##รท.hh..#
#...@hh.#
#...####..#
#..## ##...
#..# #....
..# ... .#
.. .


You could see a polar bear (berserk) and 4 black bears.

Vanquished Creatures
  An iguana (D:4)
  2 adders
  A dart slug (D:1)
  5 endoplasms
  2 giant cockroaches
  3 goblins
  3 hobgoblins (D:1)
  3 jackals (D:1)
  4 kobolds
  3 ball pythons
  2 bats (D:1)
  3 frilled lizards
  3 rats
35 creatures vanquished.

Notes
Turn   | Place    | Note
-------+----------+-------------------------------------------
     0 | D:1      | NotOkHand the Draconian Berserker began the quest for the
                  | Orb.
     0 | D:1      | Reached XP level 1. HP: 19/19 MP: 1/1
   308 | D:1      | Reached XP level 2. HP: 18/26 MP: 2/2
   954 | D:2      | Reached ** piety under Trog
   955 | D:2      | Reached skill level 4 in Fighting
   955 | D:2      | Reached XP level 3. HP: 26/33 MP: 3/3
  1066 | D:2      | Found Reefox's Antique Armour Emporium.
  1160 | D:3      | Found a burning altar of Makhleb.
  1203 | D:3      | Fell from the grace of Trog
  1203 | D:3      | Became a worshipper of Makhleb the Destroyer
  1463 | D:4      | Reached XP level 4. HP: 19/40 MP: 2/4
  1682 | D:4      | Noticed a black bear
  1682 | D:4      | Noticed a black bear
  1682 | D:4      | Noticed a black bear
  1682 | D:4      | Noticed a polar bear
  1682 | D:4      | Noticed a black bear
  1685 | D:4      | Slain by a polar bear

Illustrated notes

Levels and vault maps discovered:
D:1:      heliophobic_arrival_battle_scene, layout_loops_ring
D:2:      layout_basic, serial_shops, nicolae_diamond_shop, minmay_pentomino_x4
D:3:      layout_rooms, mainiacjoe_overflow_brackets, fedhas_altar_4,
          ebering_ecumenical_altar_petrified
D:4:      layout_cave_pods, amcnicky_altar_gilded

Skill      XL: |  1  2 |
---------------+-------+-----
Dodging        | 3 |  3.3
Fighting       | 4 |  4.2
Short Blades   | |  0.4
Polearms       | |  3.7
Stealth        | |  0.2

Action                   |  1- 3 |  4- 6 || total
-------------------------+-------+-------++-------
Melee: Spear             |    59 |       ||    59
       Tailslap          |    13 |       ||    13
       Dagger            |    71 |     5 ||    76
       Punch             |     2 |       ||     2
  Use: Scroll            |     2 |       ||     2
       Potion            |     1 |       ||     1
 Stab: Sleeping          |     1 |       ||     1
Armor: Skin              |    32 |     9 ||    41
Dodge: Dodged            |    58 |    23 ||    81

Table legend: (Time is in decaauts)
 A = Elapsed time spent in this place.
 B = Non-inter-level travel time spent in this place.
 C = Inter-level travel time spent in this place.
 D = Time resting spent in this place.
 E = Time spent auto-exploring this place.
 F = Levels seen in this place.
 G = Mean time per level.
                   A        B        C        D        E       F      G
               +--------+--------+--------+--------+--------+-----+--------+
         Total |   1660 |    906 |    754 |      0 |      0 |   4 |  415.0 |
       Dungeon |   1660 |    906 |    754 |      0 |      0 |   4 |  415.0 |
               +--------+--------+--------+--------+--------+-----+--------+

Top non-repeatable levels by time:
     D:1: 776 daAuts
     D:2: 346 daAuts
     D:3: 291 daAuts
     D:4: 246 daAuts
